 Dungeon Crawl Stone Soup version 0.21-a0-582-g1b93aee (webtiles) character file.

127 tof the Twirler (level 4, 0/34 HPs)
             Began as a Demonspawn Gladiator on Dec 19, 2017.
             Slain by a gnoll
             ... wielding a +0 spear
              (8 damage)
             ... on level 2 of the Dungeon.
             The game lasted 00:02:44 (1946 turns).

tof the Twirler (Demonspawn Gladiator)              Turns: 1946, Time: 00:02:44

Health: 0/34       AC:  5    Str: 15    XL:     4   Next: 85%
Magic:  4/4        EV: 12    Int:  9    God:
Gold:   93         SH:  0    Dex: 15    Spells: 3/3 levels left

rFire    . . .     SeeInvis .   a - +0 quarterstaff
rCold    + . .     Gourm    .   (shield currently unavailable)
rNeg     . . .     Faith    .   l - +0 ring mail
rPois    .         Spirit   .   (helmet restricted)
rElec    .         Reflect  .   (no cloak)
rCorr    .         Harm     .   (no gloves)
MR       .....                  (no boots)
Stlth    +.........             (no amulet)
HPRegen  0.11/turn              (no ring)
MPRegen  0.09/turn              (no ring)

@: lethally poisoned (0 -> -25)
A: antennae 1, cold resistance 1, spiny 1
a: no special abilities


You were on level 2 of the Dungeon.
You were not hungry.

You visited 1 branch of the dungeon, and saw 2 of its levels.

You collected 93 gold pieces.

Inventory:

Hand Weapons
 a - a +0 quarterstaff (weapon)
Missiles
 d - 3 throwing nets
 q - 13 stones (quivered)
Armour
 l - a +0 ring mail (worn)
Scrolls
 b - a scroll of remove curse {unknown}
 c - a scroll of teleportation {unknown}
 e - 2 scrolls of identify {unknown}
 i - a scroll of enchant armour {unknown}
 k - a scroll of magic mapping {unknown}
 m - a scroll of noise {unknown}
 o - a scroll of random uselessness {unknown}
 r - 2 scrolls of immolation {unknown}
Potions
 h - a potion of brilliance {unknown}
 j - 3 potions of lignification {unknown}
 n - a potion of mutation {unknown}
 p - a potion of curing {unknown}
Comestibles
 f - 2 rations
 g - a chunk of flesh


   Skills:
 + Level 2.8 Fighting
 * Level 3.8 Staves
 + Level 2.5 Throwing
 + Level 1.5 Armour
 - Level 2.6 Dodging


You had 3 spell levels left.
You didn't know any spells.

Dungeon Overview and Level Annotations

Branches:
Dungeon (2/15)

Altars:


Innate Abilities, Weirdness & Mutations

You have a pair of small antennae on your head.
Your flesh is cold resistant. (rC+)
You are partially covered in sharp spines.


Message History

The gnoll hits you from afar with a spear!
Things that are here:
a whip; a gnoll corpse You hit the gnoll.
The gnoll is heavily wounded.
The gnoll hits you with a halberd of venom.
You are poisoned.
The gnoll hits you from afar with a spear.
You hit the gnoll.
The gnoll is almost dead.
You feel sick. The gnoll barely misses you.
The gnoll hits you with a halberd of venom.
* * * LOW HITPOINT WARNING * * *
You are more poisoned.
You hit the gnoll but do no damage.
The gnoll is almost dead.
* * * LOW HITPOINT WARNING * * *
You feel sick.
The gnoll hits you from afar with a spear!
You die...

#.#.#.#
#.#.#.# g#
#.#.#.# .#
#.#.#.# g#
..#.#.# .#
###.#.# g#
#.#.# .#
#.#.######g#
#.....@gg#
##########


You could see 3 gnolls.

Vanquished Creatures
  A bullfrog skeleton (D:2)
  A gnoll (D:2)
  3 adders (D:2)
  2 dart slugs (D:2)
  4 leopard geckos
  7 bats
  2 giant cockroaches (D:1)
  7 goblins
  7 hobgoblins
  8 jackals
  5 kobolds
  A quokka (D:2)
  3 frilled lizards
  2 rats (D:1)
53 creatures vanquished.

Notes
Turn   | Place    | Note
-------+----------+-------------------------------------------
     0 | D:1      | tof the Demonspawn Gladiator began the quest for the Orb.
     0 | D:1      | Reached XP level 1. HP: 16/16 MP: 1/1
     2 | D:1      | Noticed a minotaur
     4 | D:1      | Noticed an elf
     6 | D:1      | Noticed a dwarf
     8 | D:1      | Noticed a spriggan
     8 | D:1      | Noticed a tengu
    10 | D:1      | Noticed a merfolk
    10 | D:1      | Noticed a felid
    12 | D:1      | Noticed a vampire
    12 | D:1      | Noticed a draconian
    14 | D:1      | Noticed a demonspawn
    14 | D:1      | Noticed a demigod
    16 | D:1      | Noticed a centaur
    16 | D:1      | Noticed a gargoyle
    18 | D:1      | Noticed an ogre
    18 | D:1      | Noticed a vine stalker
    20 | D:1      | Noticed a naga
    22 | D:1      | Noticed a human
    22 | D:1      | Noticed a ghoul
    24 | D:1      | Noticed a halfling
    24 | D:1      | Noticed an octopode
    26 | D:1      | Noticed a formicid
    26 | D:1      | Noticed a troll
   221 | D:1      | Gained mutation: You have a pair of small antennae on your head. [demonic ancestry]
   221 | D:1      | Reached XP level 2. HP: 22/22 MP: 2/2
   229 | D:1      | Reached skill level 3 in Staves
   826 | D:1      | Gained mutation: You are partially covered in sharp spines. [demonic ancestry]
   826 | D:1      | Reached XP level 3. HP: 28/28 MP: 3/3
  1096 | D:2      | Reached skill level 1 in Armour
  1447 | D:2      | Gained mutation: Your flesh is cold resistant. (rC+) [demonic ancestry]
  1447 | D:2      | Reached XP level 4. HP: 33/34 MP: 4/4
  1946 | D:2      | Slain by a gnoll

Vault maps used:
D:1:      kb_arrival_jail
D:2:      first_ration

Skill      XL: |  1  2  3 |
---------------+----------+-----
Staves         | 3 |  3.8
Throwing       | 2 |  2.5
Armour         | 1 |  1.5
Fighting       | |  2.8
Dodging        | |  2.6

Action                   |  1- 3 |  4- 6 || total
-------------------------+-------+-------++-------
Melee: Quarterstaff      |    99 |    19 ||   118
Throw: Stone             |       |    19 ||    19
  Eat: Chunk             |     2 |     1 ||     3
Armor: Leather armour    |    11 |       ||    11
       Ring mail         |    27 |     6 ||    33
Dodge: Dodged            |    69 |    22 ||    91

Table legend:
 A = Spawn XP
 B = Non-spawn XP
 C = Spawn XP percentage of total XP
 D = Spawn monster count
 E = Non-spawn monster count
 F = Spawn count percentage of total count
 G = Total turns spent on level
                    A         B        C        D         E        F      G
               +---------+---------+-------+---------+---------+-------+---------
         Total |       0 |     182 |   0.0 |       0 |      53 |   0.0 |  1946
               +---------+---------+-------+---------+---------+-------+---------
           D:1 |       0 |      41 |   0.0 |       0 |      23 |   0.0 |  1054
           D:2 |       0 |     141 |   0.0 |       0 |      30 |   0.0 |   892
               +---------+---------+-------+---------+---------+-------+---------
